 Dungeon Crawl Stone Soup version 0.30-a0-691-g754fce4c43 (webtiles) character file.

Game seed: 1006096101240681656

5857 Absynth the Bludgeoner (level 10, -4/129 HPs)
             Began as a Minotaur Fighter on Jan 19, 2023.
             Was a Priest of Okawaru.
             Slain by an orc
             ... wielding a +0 trident
              (7 damage)
             ... in a bailey.
             The game lasted 00:16:24 (6209 turns).

Absynth the Bludgeoner (Minotaur Fighter)           Turns: 6209, Time: 00:16:24

Health: -4/129     AC: 13    Str: 26    XL:     10   Next: 52%
Magic:  12/12      EV:  7    Int:  9    God:    Okawaru [***...]
Gold:   161        SH:  5    Dex:  9    Spells: 9/9 levels left

rFire   . . .      SeeInvis +    b - +4 war axe "Wingonan" {freeze, Fly rElec Int+4}
rCold   . . .      Faith    .    c - +0 buckler
rNeg    . . .      Spirit   .    t - +0 plate armour
rPois   .          Reflect  .    (helmet restricted)
rElec   +          Harm     .    (no cloak)
rCorr   +          Rampage  .    (no gloves)
Will    .....                    (no boots) Stlth
                                 (no amulet)
HPRegen 0.41/turn                k - ring of see invisible
MPRegen 0.13/turn                s - ring of resist corrosion

@: mighty, berserking, flying, very quick
A: horns 2, retaliatory headbutt
a: Renounce Religion, Heroism


You were in a bailey.
You worshipped Okawaru.
Okawaru was most pleased with you.
You visited 2 branches of the dungeon, and saw 8 of its levels.
You also visited: Bailey.

You collected 433 gold pieces.
You spent 272 gold pieces at shops.

Inventory:

Hand Weapons
 a - a +4 flail
 b - the +4 war axe "Wingonan" (weapon) {freeze, Fly rElec Int+4}
   (You took it off a gnoll bouda on level 4 of the Dungeon)

   Int:       It affects your intelligence (+4).
   rElec:     It insulates you from electricity.
   Fly:       It grants you flight.
Missiles
 q - 2 boomerangs of dispersal (quivered)
 y - a throwing net
 B - 5 javelins
Armour
 c - a +0 buckler (worn)
 t - a +0 plate armour (worn)
Jewellery
 k - a ring of see invisible (left hand)
 s - a ring of resist corrosion (right hand)
Wands
 n - a wand of quicksilver (5)
 C - a wand of iceblast (9)
Scrolls
 j - 4 scrolls of magic mapping
 o - 2 scrolls of fog
 r - a scroll of butterflies {unknown}
 x - a scroll of silence {unknown}
 z - a scroll of immolation {unknown}
 A - 2 scrolls of teleportation
 D - 2 scrolls of blinking
Potions
 d - 6 potions of might
 e - a potion of brilliance
 f - 2 potions of attraction
 g - a potion of magic {unknown}
 h - a potion of mutation {unknown}
 l - 5 potions of heal wounds
 p - 2 potions of cancellation


   Skills:
 + Level 7.5 Fighting
 + Level 15.7 Maces & Flails
 + Level 7.6 Armour
 + Level 7.6 Shields
 + Level 4.1 Invocations


You had 9 spell levels left.
You didn't know any spells.
Your spell library contained the following spells:

 Spells                   Type           Power      Damage    Failure   Level
 Lesser Beckoning         Tloc           0%         N/A       100%        2
 Static Discharge         Conj/Air       0%         2-2/arc   100%        2
 Gell's Gravitas          Tloc           0%         N/A       100%        3
 Hailstorm                Conj/Ice       0%         3d3       100%        3
 Teleport Other           Tloc           0%         N/A       100%        3
 Vhi's Electric Charge    Tloc/Air       0%         N/A       100%        3
 Ice Form                 Ice/Tmut       0%         N/A       100%        4
 Petrify                  Tmut/Erth      0%         N/A       100%        4
 Arcjolt                  Conj/Air       0%         1d10      100%        5
 Lightning Bolt           Conj/Air       0%         1d11      100%        5
 Metabolic Englaciation   Hex/Ice        0%         N/A       100%        5
 Statue Form              Tmut/Erth      0%         N/A       100%        6
 Maxwell's Capacitive Co  Air            0%         ∞         100%        8
 Simulacrum               Ice/Necr       Unusable   N/A       N/A         6

Dungeon Overview and Level Annotations

Branches:
Dungeon (7/15)             Temple (1/1) D:5          Bailey (1/1)

Altars:
Ashenzari
Cheibriados
Dithmenos
Elyvilon
Fedhas
Gozag
Hepliaklqana
Kikubaaqudgha
Makhleb
Nemelex Xobeh
Okawaru
Qazlal
Ru
Sif Muna
Uskayaw
Vehumet
Wu Jian
Xom
Zin
The Shining One

Shops:
D:6 ?


Innate Abilities, Weirdness & Mutations

You have a pair of horns on your head.
You reflexively headbutt those who attack you in melee.


Message History

The orc hits you but does no damage. x2
The orc knight hits you with a +0 glaive!!
The orc warrior hits you from afar with a +0 halberd!!
The orc hits you but does no damage.
The orc warrior hits you with a +0 spear.
The orc hits you from afar with a +0 trident.
You slash the orc knight! You freeze the orc knight.
You headbutt the orc knight.
The orc knight is severely wounded.
You slash the orc warrior! You freeze the orc warrior.
The orc hits you but does no damage. You block the orc's attack.
The orc knight hits you with a +0 glaive!
* * * LOW HITPOINT WARNING * * *
The orc warrior hits you from afar with a +0 halberd!
* * * LOW HITPOINT WARNING * * *
You block the orc's attack. The orc warrior barely misses you.
The orc barely misses you.
You closely miss the orc knight.
The orc knight is severely wounded.
You slash the orc warrior! You freeze the orc warrior.
You kill the orc warrior!
Okawaru accepts your kill.
You slash the orc knight! You freeze the orc knight.
The orc knight is almost dead.
The orc hits you but does no damage. The orc barely misses you.
The orc hits you but does no damage.
The orc knight hits you with a +0 glaive!
* * * LOW HITPOINT WARNING * * *
The orc warrior barely misses you. You block the orc's attack.
You slash the orc knight! You freeze the orc knight.
You kill the orc knight!
Okawaru is honoured by your kill. You block the orc's attack.
The orc hits you from afar with a +0 trident.
* * * LOW HITPOINT WARNING * * *
The orc hits you but does no damage.
The orc warrior hits you from afar with a +0 halberd!
* * * LOW HITPOINT WARNING * * *
The orc hits you from afar with a +0 trident!
You die...

#.....#
#.....#
#.....#
#.....#
#.....#
##'''##
##.....##
#.o..)o.#
#..#@#..#
#.o)))..#
#...oo..#
#.......#
##.....##
#+++++#


You could see an orc warrior (strong) and 4 orcs.

Vanquished Creatures
  An orc knight (Bailey)
  Maggie (D:6)
  Grinder (D:6)
  A water moccasin (D:7)
  2 orc warriors (Bailey)
  A black bear (D:5)
  An ice beast (D:5)
  3 ogres (D:7)
  A phantom (D:5)
  A kobold brigand (D:6)
  2 necrophages (D:5)
  4 scorpions
  A howler monkey (D:5)
  6 hounds
  A gnoll bouda (D:4)
  3 orc priests
  6 jellies
  Jessica (D:2)
  6 iguanas
  9 orc wizards
  Natasha (thrice) (D:2)
  6 gnolls
  6 adders
  2 white imps
  An ufetubus (D:6)
  5 worms
  5 dart slugs
  44 orcs
  5 ball pythons
  8 bats
  7 endoplasms
  4 giant cockroaches
  5 hobgoblins
  A jackal (D:3)
  7 kobolds
  4 quokkas
  2 frilled lizards
  6 goblins
  7 rats
180 creatures vanquished.

Notes
Turn   | Place    | Note
-------+----------+-------------------------------------------
     0 | D:1      | Absynth the Minotaur Fighter began the quest for the Orb.
     0 | D:1      | Reached XP level 1. HP: 19/19 MP: 0/0
    71 | D:1      | Reached XP level 2. HP: 24/27 MP: 1/1
   141 | D:1      | Reached skill level 3 in Maces & Flails
   741 | D:1      | Reached XP level 3. HP: 29/33 MP: 2/2
  1039 | D:2      | Noticed Natasha
  1042 | D:2      | Killed Natasha
  1043 | D:2      | Reached XP level 4. HP: 23/40 MP: 3/3
  1180 | D:2      | Noticed Natasha
  1189 | D:2      | Killed Natasha
  1190 | D:2      | Reached skill level 4 in Maces & Flails
  1395 | D:2      | Noticed Natasha
  1403 | D:2      | Killed Natasha
  1547 | D:2      | Reached XP level 5. HP: 47/47 MP: 4/4
  1589 | D:2      | Noticed Jessica
  1598 | D:2      | Killed Jessica
  2413 | D:4      | Reached skill level 5 in Maces & Flails
  2424 | D:4      | Noticed an ogre
  2432 | D:4      | Reached XP level 6. HP: 40/55 MP: 5/5
  2577 | D:3      | Reached skill level 5 in Armour
  2843 | D:4      | Reached skill level 5 in Fighting
  2905 | D:4      | Reached skill level 5 in Shields
  3198 | D:5      | Entered Level 5 of the Dungeon
  3209 | D:5      | Found a hazy altar of Hepliaklqana.
  3210 | D:5      | Found a shadowy altar of Dithmenos.
  3210 | D:5      | Noticed a shadow
  3226 | D:5      | Noticed an ice beast
  3277 | D:5      | Reached skill level 6 in Maces & Flails
  3400 | D:5      | Reached XP level 7. HP: 61/61 MP: 6/6
  3432 | D:5      | Found a staircase to the Ecumenical Temple.
  3440 | Temple   | Entered the Ecumenical Temple
  3451 | Temple   | Became a worshipper of Warmaster Okawaru
  3634 | D:5      | Identified the +4 war axe "Wingonan" {freeze, Fly rElec
                  | Int+4}
  3874 | D:4      | HP: 3/61 [gnoll bouda/the +4 war axe "Wingonan" {freeze,
                  | Fly rElec Int+4} (3)]
  4065 | D:5      | Reached skill level 1 in Invocations
  4124 | D:5      | Reached skill level 7 in Maces & Flails
  4130 | D:5      | Reached * piety under Okawaru
  4282 | D:5      | Reached XP level 8. HP: 70/70 MP: 8/8
  4803 | D:6      | Noticed Maggie
  4815 | D:6      | Killed Maggie
  4815 | D:6      | Reached ** piety under Okawaru
  4816 | D:6      | Reached skill level 8 in Maces & Flails
  4988 | D:6      | Noticed Grinder
  4993 | D:6      | Killed Grinder
  5014 | D:6      | Found Voiruume's Magic Scroll Boutique.
  5025 | D:6      | Bought a scroll of fog for 52 gold pieces
  5025 | D:6      | Bought a scroll of identify for 26 gold pieces
  5025 | D:6      | Bought a scroll of magic mapping for 97 gold pieces
  5025 | D:6      | Bought a scroll of blinking for 97 gold pieces
  5130 | D:6      | Reached XP level 9. HP: 76/79 MP: 10/10
  5332 | D:6      | Reached skill level 9 in Maces & Flails
  5711 | D:7      | Reached *** piety under Okawaru
  5921 | D:7      | Found a flagged portal.
  5931 | Bailey   | Entered a bailey
  6195 | Bailey   | Reached skill level 15 in Maces & Flails
  6195 | Bailey   | Reached XP level 10. HP: 86/86 MP: 12/12
  6198 | Bailey   | Noticed an orc knight
  6209 | Bailey   | Killed an orc knight
  6209 | Bailey   | HP: 3/129 [orc warrior/+0 halberd (12)]
  6209 | Bailey   | Slain by an orc

Illustrated notes

Levels and vault maps discovered:
D:1:      sevenhm_arrival_forest_fort_small_4, layout_rooms,
          serial_co_window_serial, co_window_corner_a, co_window_paths_b,
          co_window_paths_a, co_window_paths_a, co_window_corner_a,
          co_window_corner_b, co_window_corner_cb, co_window_corner_cb,
          co_window_of_opportunity_c, co_window_corner_b, co_window_sun,
          glass_columns_a, glass_columns_b, minivault_27
D:2:      layout_loops_ring, uniq_natasha, uniq_jessica
D:3:      layout_basic, kennysheep_generic_room_5
D:4:      layout_cave_pools
D:5:      layout_loops_cross, riverfiend_overflow_shadow_ancestor,
          minmay_temple_entry_glassed_door, minmay_joined_circles
D:6:      layout_gridville, serial_shops, nicolae_diamond_shop,
          nrook_mini_vaults, eino_tiny_chamber, chequers_serial_rivers_micro_e,
          uniq_grinder, uniq_maggie
D:7:      layout_layer_cave, lemuel_mausoleum_altar_yredelemnul, enter_bailey_2
Temple:   regret_index_temple_chain_breaker
Bailey:   bailey_polearm_5, bailey

Skill      XL: |  1  2  3  4  5  6  7  8  9 |
---------------+----------------------------+-----
Maces & Flails | 3 4 5 6 7 8 15 | 15.7
Fighting       | 4 5 6 7 |  7.5
Armour         | 4 5 6 7 |  7.6
Shields        | 4 5 6 7 |  7.6
Invocations    | 1 3 4 |  4.1

Action                   |  1- 3 |  4- 6 |  7- 9 | 10-12 || total
-------------------------+-------+-------+-------+-------++-------
Melee: Flail             |    68 |   119 |     5 |       ||   192
       Headbutt          |     6 |    23 |    28 |     1 ||    58
       War axe           |       |       |   169 |     6 ||   175
  Use: Potion            |       |       |     2 |     2 ||     4
       Scroll            |       |       |    11 |       ||    11
Armor: Scale mail        |    29 |     9 |       |       ||    38
       Plate armour      |       |    57 |   100 |    11 ||   168
       Chain mail        |       |     2 |       |       ||     2
Dodge: Dodged            |    30 |    52 |    73 |     7 ||   162
Block: Buckler           |    22 |    16 |    61 |     8 ||   107

Table legend: (Time is in decaauts)
 A = Elapsed time spent in this place.
 B = Non-inter-level travel time spent in this place.
 C = Inter-level travel time spent in this place.
 D = Time resting spent in this place.
 E = Time spent auto-exploring this place.
 F = Levels seen in this place.
 G = Mean time per level.
                   A        B        C        D        E       F      G
               +--------+--------+--------+--------+--------+-----+--------+
         Total |   6308 |   6083 |    225 |   1445 |   3211 |   9 |  700.9 |
       Dungeon |   5855 |   5649 |    206 |   1271 |   3081 |   7 |  836.4 |
        Temple |    173 |    154 |     19 |      0 |    130 |   1 |  173.0 |
        Bailey |    279 |    279 |      0 |    174 |      0 |   1 |  279.0 |
               +--------+--------+--------+--------+--------+-----+--------+

Top non-repeatable levels by time:
     D:6: 1094 daAuts
     D:2: 1070 daAuts
     D:4: 1030 daAuts
     D:5: 936 daAuts
     D:1: 828 daAuts
     D:3: 818 daAuts
  Bailey: 279 daAuts
  Temple: 173 daAuts
     D:7: 77 daAuts
